Map: Invader LE

Players

Alex - Winner!

  • Race: Protoss Protoss
  • League: Platinum

blackxored

  • Race: Zerg Zerg
  • League: Diamond

VOD

Have the link to the VOD?

Description

Time

  • Played on: July 1, 2016, 3:29 p.m.
  • Length: 10:53
Show
View Real Time Build Order
Export as new Build Order

Alex Protoss - Winner!

Build Orders: 1 Gate Expand, Zealot Archon 

Get SALT Encoding   

  12  0:00  Probe (Chrono Boost)  
  13  0:11  Probe (Chrono Boost)  
  14  0:17  Pylon  
  14  0:22  Probe (Chrono Boost)  
  15  0:35  Probe (Chrono Boost)  
  16  0:39  Gateway  
  16  0:45  Probe (Chrono Boost)  
  17  0:56  Assimilator  
  18  1:04  Probe (Chrono Boost)  
  18  1:21  Probe (Chrono Boost)  
  18  1:22  Nexus  
  19  1:32  Cybernetics Core  
  19  1:35  Probe (Chrono Boost)  
  20  1:40  Assimilator  
  21  1:47  Probe (Chrono Boost)  
  21  1:57  Probe (Chrono Boost)  
  22  2:07  Pylon  
  22  2:10  Pylon  
  22  2:15  Probe (Chrono Boost)  
  23  2:24  Forge  
  23  2:25  Adept  
  23  2:28  Probe (Chrono Boost)  
  26  2:32  Warp Gate (Chrono Boost)  
  26  2:40  Pylon  
  26  2:50  Mothership Core (Chrono Boost)  
  28  3:06  Probe  
  28  3:10  Probe  
  30  3:15  Sentry  
  30  3:17  Protoss Ground Weapons Level 1 (Chrono Boost)  
  30  3:18  Probe  
  33  3:20  Probe  
  34  3:29  Twilight Council  
  34  3:30  Probe  
  35  3:41  Stalker  
  35  3:43  Probe  
  38  3:49  Probe  
  38  3:50  Nexus  
  38  3:54  Gateway  
  39  3:59  Probe  
  40  4:06  Pylon  
  40  4:12  Dark Shrine  
  40  4:19  Gateway  
  40  4:21  Gateway  
  40  4:27  Stalker  
  42  4:40  Probe  
  43  4:46  Probe  
  43  4:50  Robotics Facility  
  43  4:52  Probe, Assimilator  
  45  4:54  Assimilator  
  45  4:57  Probe  
  46  5:04  Probe  
  47  5:12  Pylon  
  47  5:13  Probe  
  47  5:16  Pylon, Probe  
  47  5:21  Protoss Ground Weapons Level 2 (Chrono Boost)  
  49  5:23  Probe  
  49  5:24  Dark Templar  
  52  5:28  Probe  
  52  5:37  Dark Templar  
  52  5:40  Warp Prism  
  56  5:43  Probe  
  56  5:47  Archon  
  57  5:53  Probe  
  58  5:57  Nexus  
  58  5:59  Pylon  
  58  6:02  Pylon  
  58  6:05  Stalker  
  58  6:06  Stalker, Assimilator  
  58  6:08  Assimilator  
  58  6:10  Probe  
  62  6:13  Pylon  
  63  6:21  Probe  
  64  6:26  Dark Templar x2  
  64  6:30  Archon  
  68  6:34  Immortal  
  72  6:43  Photon Cannon  
  72  6:44  Gateway  
  63  6:47  Gateway  
  57  7:01  Stalker x2  
  58  7:04  Sentry  
  58  7:08  Probe  
  63  7:19  Probe  
  64  7:24  Probe  
  65  7:30  Probe  
  65  7:35  Probe  
  67  7:45  Probe  
  60  8:07  Dark Templar  
  60  8:09  Probe  
  63  8:20  Probe  
  64  8:30  Probe  
  64  8:33  Stalker  
  64  8:34  Stalker  
  69  8:38  Probe  
  69  8:41  Probe  
  71  8:48  Probe  
  71  8:50  Probe  
  71  8:51  Protoss Ground Armor Level 1 (Chrono Boost)  
  71  8:53  Gateway  
  71  8:54  Gateway  
  73  8:57  Pylon  
  73  8:59  Probe  
  73  9:01  Probe  
  74  9:08  Stalker x2  
  74  9:09  Stalker, Probe  
  81  9:10  Dark Templar, Zealot  
  81  9:11  Zealot  
  81  9:12  Probe  
  81  9:14  Archon  
  89  9:20  Immortal, Probe  
  94  9:25  Probe  
  94  9:30  Probe  
  95  9:36  Probe  
  97  9:40  Dark Templar x4  
  97  9:44  Archon x2  
  105  9:46  Probe  
  105  9:48  Sentry  
  108  10:05  Observer  
  103  10:20  Stalker x2  
  103  10:21  Stalker x4  
  111  10:22  Stalker x2  
Show
View Real Time Build Order
Export as new Build Order

blackxored Zerg 

Build Orders: Hatch First 

Get SALT Encoding   

  12  0:01  Drone  
  13  0:08  Drone  
  14  0:17  Overlord  
  14  0:23  Extractor  
  14  0:24  Drone  
  15  0:37  Drone x2  
  17  0:53  Hatchery  
  17  0:56  Drone  
  17  0:59  Drone  
  18  1:11  Extractor  
  18  1:14  Spawning Pool  
  18  1:17  Drone  
  17  1:20  Drone  
  18  1:27  Drone  
  19  1:43  Drone  
  20  1:50  Overlord  
  20  2:02  Queen  
  20  2:07  Zergling x2  
  23  2:11  Zergling x2  
  24  2:17  Hatchery  
  23  2:23  Metabolic Boost  
  23  2:25  Drone x2  
  23  2:29  Overlord  
  25  2:36  Drone  
  26  2:40  Drone  
  26  2:42  Drone  
  28  2:47  Queen  
  30  2:57  Drone x2  
  32  3:03  Drone  
  32  3:05  Drone  
  34  3:14  Pneumatized Carapace  
  34  3:15  Drone x2  
  36  3:20  Drone  
  36  3:21  Drone x3  
  40  3:29  Queen  
  40  3:30  Overlord  
  42  3:40  Drone x2  
  44  3:47  Overlord  
  44  3:51  Drone x2, Evolution Chamber  
  44  3:52  Baneling Nest  
  44  3:57  Drone  
  44  3:58  Drone x4  
  44  3:59  Drone  
  44  4:01  Drone  
  52  4:02  Drone  
  52  4:05  Overlord  
  52  4:11  Zergling x4  
  54  4:20  Zerg Melee Weapons Level 1  
  55  4:24  Drone x5  
  55  4:25  Drone  
  60  4:38  Spore Crawler, Spine Crawler  
  60  4:39  Drone x2  
  60  4:41  Spore Crawler  
  60  4:44  Drone x2  
  60  4:45  Spine Crawler  
  60  4:47  Spore Crawler  
  60  4:48  Drone  
  60  4:49  Drone  
  60  4:50  Spine Crawler  
  60  4:51  Lair  
  60  4:53  Drone x2  
  60  4:54  Drone  
  63  5:09  Zergling x4  
  63  5:10  Zergling x4  
  63  5:13  Zergling x2  
  63  5:14  Zergling x8  
  71  5:20  Drone  
  73  5:21  Extractor  
  73  5:22  Drone  
  73  5:23  Extractor, Drone  
  73  5:24  Overlord x3  
  73  5:30  Baneling x2  
  73  5:31  Baneling x2  
  73  5:39  Baneling  
  73  5:40  Baneling  
  73  5:46  Baneling  
  73  5:53  Drone x3  
  73  5:54  Drone  
  73  5:56  Zergling x2  
  73  5:57  Zergling x14  
  85  5:59  Baneling  
  85  6:03  Drone  
  85  6:04  Extractor, Drone x2  
  85  6:05  Drone  
  85  6:09  Overseer  
  89  6:25  Drone x2  
  89  6:26  Extractor  
  89  6:27  Extractor  
  83  7:01  Centrifical Hooks  
  83  7:04  Drone  
  83  7:06  Evolution Chamber  
  83  7:07  Drone x6  
  89  7:09  Zergling x2  
  89  7:10  Zergling x14  
  89  7:12  Baneling x6  
  89  7:13  Overlord x5, Baneling x3  
  89  7:15  Overseer  
  88  7:38  Zergling x2  
  88  7:39  Zergling x24  
  94  7:45  Zergling x2  
  94  7:51  Zergling x4  
  89  7:57  Zergling x2  
  80  7:59  Baneling x11  
  80  8:00  Baneling  
  80  8:01  Baneling x8  
  80  8:02  Zergling x10  
  78  8:10  Zergling x2  
  76  8:19  Infestation Pit, Zerg Melee Weapons Level 2, Zerg Ground Armor Level 1  
  74  8:20  Zergling x4  
  77  8:27  Zergling x2  
  77  8:38  Overseer  
  77  8:39  Overseer  
  77  8:53  Zergling x12  
  77  8:54  Zergling x4  
  85  8:56  Hatchery  
  85  8:57  Hive  
  84  9:07  Zergling x10  
  84  9:09  Overlord x2  
  89  9:10  Overlord  
  89  9:13  Hatchery  
  89  9:14  Drone x2  
  89  9:15  Spire  
  91  9:25  Zergling x4  
  84  9:36  Zergling x2  
  84  9:37  Zergling x12  
  79  9:49  Drone x2  
  81  10:00  Drone x2  
  81  10:01  Extractor  
  81  10:05  Drone x5  
  81  10:06  Drone  
  63  10:16  Zergling x6  
  65  10:24  Drone  
  65  10:25  Spine Crawler  
  65  10:27  Spine Crawler x2  
  63  10:29  Spine Crawler  
  63  10:33  Spine Crawler  
  63  10:34  Drone x6  
  75  10:39  Spine Crawler  
  75  10:40  Drone x2  
  75  10:41  Spine Crawler  
  72  10:44  Spine Crawler x2  
Tags
 
Add a new tag
Caveats
  • Supply blocks, unpowered buildings, or Contaminate may cause inaccurate times.
  • Supply counts are checked every 10 seconds.